 Dungeon Crawl Stone Soup version 0.15-a0-2151-gce93697 (console) character file.

42 Kellhus the Ruinous (level 3, -4/26 HPs)
             Began as a Demigod Wizard on July 19, 2014.
             Slain by an orc
             ... wielding a +0 whip of electrocution
              (19 damage)
             ... on Level 2 of the Dungeon.
             The game lasted 00:02:49 (1999 turns).

Kellhus the Ruinous (Demigod Wizard)                Turns: 1999, Time: 00:02:49

HP  -4/26        AC  4     Str 10      XL: 3   Next: 17%
MP   1/8         EV 12     Int 24      God:
Gold 105         SH  0     Dex 14      Spells:  2 memorised,  3 levels left

rFire  . . .     SeeInvis .     (no weapon)
rCold  . . .     Clarity  .     a - +0 robe
rNeg   . . .     rCorr    .     (no shield)
rPois  .         rRot     .     b - +0 hat
rElec  .         Spirit   .     g - +1 cloak
SustAb .         Warding  .     (no gloves)
rMut   .         Stasis   .     (no boots)
Gourm  .                        (no amulet)
MR     .....                    (no ring)
                                (no ring)

@: not resistant to hostile enchantments, unstealthy
A: no striking features
a: no special abilities


You were on level 2 of the Dungeon.
You were not hungry.

You visited 1 branch of the dungeon, and saw 3 of its levels.

You collected 105 gold pieces.

Inventory:

Missiles
 s - 17 poisoned needles
Armour
 a - a +0 robe (worn)
 b - a +0 hat (worn)
 g - a +1 cloak (worn)
Comestibles
 d - 3 bread rations
 j - a beef jerky
 r - a slice of pizza
Scrolls
 e - 2 scrolls of fear {unknown}
 l - a scroll of blinking {unknown}
 m - a scroll of remove curse {unknown}
 o - a scroll of identify {unknown}
 q - a scroll of immolation {unknown}
Potions
 f - 2 potions of invisibility {unknown}
 h - 3 potions of degeneration {unknown}
 i - 3 potions of curing {unknown}
 k - a potion of restore abilities {unknown}
 n - 3 potions of poison {unknown}
 p - a potion of heal wounds {unknown}
Books
 c - a book of Minor Magic

   Spells                             Type                      Level
   *Magic Dart                        Conjuration                  1
   Blink                              Translocation                2
   Call Imp                           Summoning                    2
   Repel Missiles                     Charms/Air                   2
   Slow                               Hexes                        2
   *Conjure Flame                     Conjuration/Fire             3
   Mephitic Cloud                     Conjuration/Poison/Air       3


   Skills:
 - Level 1.7 Dodging
 - Level 1.7 Stealth
 - Level 2.6 Spellcasting
 + Level 3.0 Conjurations
   Level 0.8 Summonings
   Level 0.8 Translocations


You had 3 spell levels left.
You knew the following spells:

 Your Spells              Type           Power        Failure   Level  Hunger
a - Magic Dart            Conj           ###.         3%          1    None
b - Conjure Flame         Conj/Fire      ##......     21%         3    ###....


Dungeon Overview and Level Annotations

Branches:
Dungeon (3/15)

Annotations:
D:2 Ijyb, Terence


Message History

The orc hits you with a runed whip.
Casting: Magic Dart
Confirm with . or Enter, or press ? or * to list all spells.
Aiming: Magic Dart
Press: ? - help, Shift-Dir - straight line, f/p - orc
Aim: an orc, wielding a runed whip and wearing a ring mail (moderately wounded)
The magic dart hits the orc.
The orc is heavily wounded.
The orc hits you with a runed whip.
Casting: Magic Dart
Confirm with . or Enter, or press ? or * to list all spells.
Aiming: Magic Dart
Press: ? - help, Shift-Dir - straight line, f/p - orc
Aim: an orc, wielding a runed whip and wearing a ring mail (heavily wounded)
The magic dart hits the orc.
The orc is almost dead.
The orc hits you with a runed whip.
You are electrocuted!
Ouch! That really hurt!
You die...

###### ##...######.#
#..'.# #.....# #.#
#..#.####..##.####.##
####.................
#.#####..##<..##.##
#.# #..####.##.## #.#
#..# #.##.## #o##
#..# #.##.## #.@#
#..####.##.#.
##.####...(........
#............##.##
#..####...........
#..# #.<.##..#.#.
#..# #...##.#..##
#..# #..........#
#..# ##.###.#.....
#..###..# #.......


You could see an orc.

Vanquished Creatures
  A giant mite (D:2)
  3 giant geckos
  4 bats
  2 giant cockroaches
  8 goblins
  2 hobgoblins
  2 jackals (D:2)
  5 giant newts (D:1)
  A kobold (D:1)
  8 rats
36 creatures vanquished.

Notes
Turn   | Place    | Note
--------------------------------------------------------------
     0 | D:1      | Kellhus, the Demigod Wizard, began the quest for the Orb.
     0 | D:1      | Reached XP level 1. HP: 14/14 MP: 4/4
    27 | D:1      | Reached skill level 1 in Conjurations
   412 | D:1      | Reached XP level 2. HP: 20/20 MP: 4/6
  1165 | D:2      | Noticed Ijyb
  1374 | D:2      | Noticed Terence
  1449 | D:2      | Reached XP level 3. HP: 26/26 MP: 5/8
  1479 | D:2      | Learned a level 3 spell: Conjure Flame
  1830 | D:2      | Reached skill level 3 in Conjurations
  1999 | D:2      | Slain by an orc

Action                   || total
-------------------------++-------
Melee: Unarmed           ||     3
 Cast: Magic Dart        ||    73
  Eat: Chunk             ||     3
